AoeStats
← k3p

Four Lakes

510217616Analyzed
1v1 RM · 4d ago on Sep 30, 2026· 41m 31s· 2 players
Game mode
Random Map
Map size
Tiny (2 player)
Population
200
Speed
Normal
Resources
Standard
Victory
Conquest
Starting age
Dark Age
Ending age
Imperial Age
RankedLock teamsTeams togetherTeam positionsShared explorationLock speedFull tech treeHidden civsTurbo modeCheats
Victory
Defeat
🇨🇦 Burgundians · Canada
851
+16
🇺🇸 Aztecs · United States
861
-16
k3p
3:34 Double-Bit Axe
3:48 Double-Bit Axe
10:42 Feudal Age
10:49 Horse Collar
12:00 Bow Saw
13:23 Heavy Plow
14:55 Man-at-Arms
19:44 Castle Age
17:43 Fishing Lines
17:56 Gold Mining
18:55 Gillnets
19:51 Gold Shaft Mining
21:48 Two-Man Saw
20:53 Cavalier
21:00 Long Swordsman
21:53 Forging
23:08 Wheelbarrow
23:53 Crop Rotation
25:53 Squires
30:24 Imperial Age
28:35 Stone Mining
28:31 Elite Skirmisher
30:30 Iron Casting
29:55 Scale Mail Armor
30:01 Scale Barding Armor
29:58 Padded Archer Armor
31:15 Stone Shaft Mining
32:06 Chemistry
32:19 Blast Furnace
34:58 Chain Barding Armor
34:03 Paladin
38:07 Light Cavalry
39:22 Loom
39:56 Hand Cart
41:20 Pikeman
41:21 Two-Handed Swordsman
Rhomduil8014
13:50 Feudal Age
14:49 Double-Bit Axe
15:32 Loom
16:09 Town Watch
18:43 Castle Age
19:26 Crossbowman
20:46 Bow Saw
21:30 Wheelbarrow
20:57 Town Patrol
22:08 Fletching
22:18 Padded Archer Armor
29:33 Imperial Age
29:56 Bodkin Arrow
30:17 Leather Archer Armor
30:05 Fishing Lines
33:23 Conscription
34:29 Theocracy
34:11 Block Printing
33:32 Arbalester
39:36 Eagle Warrior
40:17 Squires
40:24 Squires
40:43 Elite Eagle Warrior
Connection lost

Rejoining the realm…

Still unreachable

The connection could not be restored.

Session expired

The server has moved on; the page needs a fresh start.